 Dungeon Crawl Stone Soup version 0.30.0 (webtiles) character file.

Game seed: 2138490264461109877

56 Dani the Chopper (level 3, -3/29 HPs)
             Began as a Demonspawn Fighter on May 20, 2023.
             Killed by divine providence
             ... invoked by an orc priest
              (15 damage)
             ... on level 3 of the Dungeon.
             The game lasted 00:01:42 (1278 turns).

Dani the Chopper (Demonspawn Fighter)               Turns: 1278, Time: 00:01:43

Health: -3/29      AC: 13    Str: 16    XL:     3   Next: 71%
Magic:  3/3        EV:  8    Int: 11    God:
Gold:   41         SH:  4    Dex: 12    Spells: 2/2 levels left

rFire   . . .        a - +0 war axe
rCold   . . .        c - +0 buckler
rNeg    . . .        b - +0 scale mail
rPois   .            (no helmet)
rElec   .            (no cloak)
rCorr   .            n - +0 pair of gloves
SInv    .            (no boots)
Will    .....        (no amulet) Stlth
                     (no ring)
HPRegen 0.24/turn    (no ring)
MPRegen 0.08/turn

%: no passive effects
@: sanguine armoured
A: sanguine armour 1
a: no special abilities


You were on level 3 of the Dungeon.
You visited 1 branch of the dungeon, and saw 3 of its levels.

You collected 41 gold pieces.

Inventory:

Hand Weapons
 a - a +0 war axe (weapon)
Armour
 b - a +0 scale mail (worn)
 c - a +0 buckler (worn)
 n - a +0 pair of gloves (worn)
   (You found it on level 2 of the Dungeon)
Wands
 D - a wand of digging (7)
   (You found it on level 2 of the Dungeon)
Scrolls
 e - 3 scrolls of identify {unknown}
 i - 2 scrolls of silence {unknown}
 j - 3 scrolls of blinking {unknown}
 o - a scroll of fear {unknown}
Potions
 d - a potion of might
 f - 2 potions of resistance {unknown}
 g - a potion of attraction {unknown}
 h - a potion of brilliance {unknown}
 k - a potion of heal wounds {unknown}
 l - a potion of curing {unknown}
 m - a potion of haste {unknown}
 p - a potion of mutation {unknown}


   Skills:
 - Level 3.0 Fighting
 + Level 3.7 Axes
 - Level 2.6 Armour
 - Level 2.6 Shields


You had 2 spell levels left.
You didn't know any spells.
Your spell library was empty.

Dungeon Overview and Level Annotations

Branches:
Dungeon (3/15)

Altars:
Nemelex Xobeh

Shops:
D:2 (


Innate Abilities, Weirdness & Mutations

When seriously injured, your blood forms armour. (AC +6)


Message History

Found a stone staircase leading up.
A ball python comes into view.
The ball python hisses angrily.
A ball python is nearby!
You slash the ball python!
You kill the ball python!
No target in view!
No target in view!
You now have 41 gold pieces (gained 7).
Key pressed, stopping explore.
No target in view!
Key pressed, stopping explore.
No target in view!
Key pressed, stopping explore.
No target in view!
Found a stone staircase leading up.
No target in view!
Key pressed, stopping explore.
No target in view!
Key pressed, stopping explore.
No target in view!
No target in view!
Key pressed, stopping explore.
No target in view!
p - a murky pink potion No target in view!
Key pressed, stopping explore.
No target in view!
An endoplasm comes into view.
The endoplasm quivers.
An endoplasm is nearby!
Found a sparkling altar of Nemelex Xobeh.
An endoplasm is nearby!
Found 6 gold pieces.
The endoplasm hits you but does no damage.
You hit the endoplasm.
The endoplasm is heavily wounded.
The endoplasm hits you.
You slash the endoplasm!
You kill the endoplasm!
No target in view!
HP restored.
An orc comes into view. It is wielding a +0 dagger.
The orc shouts! 2 orcs come into view.
The orc shouts! x2
An orc comes into view. It is wielding a +0 dagger.
The orc moves out of view.
There are monsters nearby!
An orc priest comes into view. It is wielding a +0 dagger.
The orc priest shouts!
There are monsters nearby!
The orc hits you with a +0 club. You block the orc's attack.
There are monsters nearby!
You hit the orc.
The orc is lightly wounded.
You barely miss the orc. You hit the orc. The orc closely misses you.
The orc hits you with a +0 dagger.
The orc priest calls down the wrath of Beogh upon you.
Beogh smites you!
* * * LOW HITPOINT WARNING * * *
Your blood congeals into armour.
The orc closely misses you. You block the orc's attack.
The orc hits you but does no damage.
You are too injured to fight recklessly!
Sorry, you're not good enough to have a special ability.
Sorry, you're not good enough to have a special ability.
You slash the orc!
You kill the orc!
You hit the orc. x2
You kill the orc!
You hit the orc. The orc hits you but does no damage.
The orc hits you with a +0 dagger.
* * * LOW HITPOINT WARNING * * *
You block the orc priest's attack. You block the orc's attack.
The orc hits you but does no damage.
Things that are here:
a +0 hand axe; an orc corpse You closely miss the orc priest.
You closely miss the orc. x2
The orc priest calls upon Beogh to heal the orc.
The orc is healed somewhat.
The orc hits you but does no damage. x3
The orc priest looks encouraged for a moment.
The orc hits you but does no damage.
You hit the orc priest.
The orc priest is moderately wounded.
You hit the orc. You barely miss the orc. You block the orc's attack.
The orc priest calls upon Beogh to heal the orc.
The orc is healed somewhat.
You block the orc's attack.
You hit the orc priest.
The orc priest is moderately wounded.
You hit the orc.
You kill the orc!
You barely miss the orc. You block the orc priest's attack.
The orc closely misses you.
You barely miss the orc priest.
The orc priest is moderately wounded.
You hit the orc. The orc hits you but does no damage.
The orc priest calls down the wrath of Beogh upon you.
Beogh smites you!
Ouch! That really hurt!
You die...

....##.# ...... .
....##.# #+##⌠.⌠##.#
.......# ##.#.._..#.#
#...#..# #....⌠.⌠...#
###.#..# #.........$#
....#.##.##..........#
#.###.##.............#
#.###.####.....).o...#
#.##..........##@)...#
#.##.########.##o....#
#.##.# #.##.....#
#.##.########.##.....#
#....<#.......##.....#
#.##..#.#####.##.....#
#.#...#.#####.##....##
#.#...........#.....#
#....########...


You could see an orc priest and an orc.

Vanquished Creatures
  2 adders (D:2)
  A worm (D:2)
  3 orcs (D:3)
  4 bats
  3 endoplasms
  A giant cockroach (D:2)
  3 goblins (D:1)
  3 hobgoblins
  3 ball pythons
  6 kobolds
  4 rats
33 creatures vanquished.

Notes
Turn   | Place    | Note
-------+----------+-------------------------------------------
     0 | D:1      | Dani the Demonspawn Fighter began the quest for the Orb.
     0 | D:1      | Reached XP level 1. HP: 18/18 MP: 1/1
    12 | D:1      | Reached skill level 2 in Axes
   177 | D:1      | Gained mutation: When seriously injured, your blood forms
                  | armour. (AC +6) [demonic ancestry]
   177 | D:1      | Reached XP level 2. HP: 24/24 MP: 2/2
   662 | D:2      | Found Afuefiasen's Weapon Shop.
   675 | D:2      | Reached skill level 3 in Axes
   721 | D:2      | Reached XP level 3. HP: 15/29 MP: 3/3
  1263 | D:3      | Found a sparkling altar of Nemelex Xobeh.
  1278 | D:3      | Killed from afar by an orc priest

Illustrated notes

Levels and vault maps discovered:
D:1:      roderic_dead_forest, layout_loops_cross, skrybe_limestone_x,
          fountainhead
D:2:      layout_rooms, serial_shops, nicolae_shop_window_shopping, st_stairs_7,
          chequers_garden, reono_crystal_passage
D:3:      layout_basic, nemelex_xobeh_ov_fountains_minmay

Skill      XL: |  1  2 |
---------------+-------+-----
Axes           | 2 3 |  3.7
Fighting       | |  3.0
Armour         | |  2.6
Shields        | |  2.6

Action                     || total
---------------------------++-------
  Melee: War axe           ||    89
 Armour: Scale mail        ||    58
  Dodge: Dodged            ||    36
  Block: Buckler           ||    18

Levels and vault maps discovered:
D:1:      roderic_dead_forest, layout_loops_cross, skrybe_limestone_x,
          fountainhead
D:2:      layout_rooms, serial_shops, nicolae_shop_window_shopping, st_stairs_7,
          chequers_garden, reono_crystal_passage
D:3:      layout_basic, nemelex_xobeh_ov_fountains_minmay

Table legend: (Time is in decaauts)
 A = Elapsed time spent in this place.
 B = Non-inter-level travel time spent in this place.
 C = Inter-level travel time spent in this place.
 D = Time resting spent in this place.
 E = Time spent auto-exploring this place.
 F = Levels seen in this place.
 G = Mean time per level.
                   A        B        C        D        E       F      G
               +--------+--------+--------+--------+--------+-----+--------+
         Total |   1312 |   1285 |     27 |      0 |   1039 |   3 |  437.3 |
       Dungeon |   1312 |   1285 |     27 |      0 |   1039 |   3 |  437.3 |
               +--------+--------+--------+--------+--------+-----+--------+

Top non-repeatable levels by time:
     D:1: 678 daAuts
     D:2: 540 daAuts
     D:3: 94 daAuts

Table legend:
 A = Kills in this place as a percentage of kills in the entire game.
 B = Kills by you in this place as a percentage of kills by you in the entire game.
 C = Kills by friends in this place as a percentage of kills by friends in the entire game.
 D = Other kills in this place as a percentage of other kills in the entire game.
 E = Experience gained in this place as a percentage of experience gained in the entire game.
 F = Experience gained in this place divided by the number of levels of this place that you have seen.
                   A       B       C       D       E      F
               +-------+-------+-------+-------+-------+----------------------
         Total | 100.0 | 100.0 |   N/A |   N/A | 100.0 |  27.0
       Dungeon | 100.0 | 100.0 |   N/A |   N/A | 100.0 |  27.0
               +-------+-------+-------+-------+-------+----------------------
